 Dungeon Crawl Stone Soup version 0.30-a0-42-g806c11bf1d (webtiles) character file.

Game seed: 11138444201111856821

233 QueenGhuleh the Chopper (level 5, -2/48 HPs)
             Began as a Minotaur Berserker on Aug 30, 2022.
             Was a Believer of Trog.
             Slain by a goblin
             ... wielding a +1 dagger of speed
              (3 damage)
             ... on level 4 of the Dungeon.
             The game lasted 00:05:47 (3509 turns).

QueenGhuleh the Chopper (Minotaur Berserker)        Turns: 3509, Time: 00:05:48

Health: -2/48      AC:  1    Str: 23    XL:     5   Next: 74%
Magic:  0/4        EV: 11    Int: 10    God:    Trog [**....]
Gold:   245        SH:  0    Dex: 10    Spells: 4/4 levels left

rFire   . . .      SeeInvis .    h - +0 war axe
rCold   . . .      Faith    .    (no shield)
rNeg    . . .      Spirit   +    k - +0 ring mail
rPois   .          Reflect  .    (helmet restricted)
rElec   .          Harm     .    (no cloak)
rCorr   .          Rampage  .    (no gloves)
Will    ++...                    (no boots)
Stlth   +.........               s - amulet of guardian spirit
HPRegen 1.16/turn                n - +6 ring of intelligence
MPRegen 0.09/turn                (no ring)

@: lethally poisoned (-2 -> -5), strong-willed, corroded, on berserk cooldown,
regenerating, slowed, very slow
A: horns 2, retaliatory headbutt
a: Renounce Religion, Berserk, Trog's Hand


You were on level 4 of the Dungeon.
You worshipped Trog.
Trog was pleased with you.
You visited 1 branch of the dungeon, and saw 4 of its levels.

You collected 245 gold pieces.

Inventory:

Hand Weapons
 h - a +0 war axe (weapon)
Armour
 k - a +0 ring mail (worn)
Jewellery
 n - a +6 ring of intelligence (left hand)
 s - an amulet of guardian spirit (around neck)
Wands
 o - a wand of charming (4)
Scrolls
 b - a scroll of teleportation {unknown}
 c - 11 scrolls of identify {unknown}
 d - a scroll of enchant armour {unknown}
 e - 2 scrolls of amnesia {unknown}
 g - 4 scrolls of immolation {unknown}
 j - a scroll of butterflies {unknown}
 l - a scroll of noise {unknown}
 q - a scroll of silence {unknown}
 r - a scroll of brand weapon {unknown}
Potions
 a - 2 potions of curing {unknown}
 f - 4 potions of brilliance {unknown}
 i - 2 potions of lignification {unknown}
 p - a potion of mutation {unknown}


   Skills:
 + Level 5.1 Fighting
 + Level 5.4 Axes
 + Level 3.7 Armour
 + Level 3.3 Dodging
 + Level 0.8 Stealth


You had 4 spell levels left.
You didn't know any spells.
Your spell library was empty.

Dungeon Overview and Level Annotations

Branches:
Dungeon (4/15)
 Temple: D:4-7

Altars:
Dithmenos
Fedhas
Okawaru
Wu Jian
Zin


Innate Abilities, Weirdness & Mutations

You have a pair of horns on your head.
You reflexively headbutt those who attack you in melee.


Message History

You are poisoned.
The adder poisons you! The adder bites you but does no damage.
A goblin opens the door.
A hound comes into view.
Found a plate armour.
An endoplasm comes into view.
The hound barks!
You hit the adder but do no damage.
You feel very sick. The adder barely misses you. The adder bites you.
A giant cockroach comes into view.
The goblin barely misses you. The adder barely misses you.
The endoplasm moves out of view.
You barely miss the adder. You closely miss the goblin.
You feel sick. The adder bites you.
You are more poisoned.
The adder poisons you!
The goblin hits you with a +1 dagger of speed. x2
The adder bites you.
You are lethally poisoned!
The adder poisons you!
The goblin hits you with a +1 dagger of speed.
* * * LOW HITPOINT WARNING * * *
You are too injured to fight recklessly!
Your skin crawls.
You feel strong-willed.
You feel very sick. The adder bites you.
* * * LOW HITPOINT WARNING * * *
The goblin hits you with a +1 dagger of speed.
* * * LOW HITPOINT WARNING * * *
The adder barely misses you.
The goblin hits you with a +1 dagger of speed.
* * * LOW HITPOINT WARNING * * *
You are too injured to fight recklessly!
You are too injured to fight recklessly!
You are too injured to fight recklessly!
The goblin attacks as you move away!
The goblin hits you with a +1 dagger of speed.
You die... ###.....#....# ............## ####........### # ##..##..###)...###### #[.. #..#####........ #... #....####..#.... #Jh

####..# #..#####
#g###.##.# #..# #
#@'"..#.# #..# #
#?.wS###.##.###..#
##
#...OK#.#)#..##...#
#.
#..|.r#.....###...#
##. #$:...#.....#
###.###..
##.!?##.#####
##..... #####.#
#####..##. ..#
#...###### ###
#..#...### #


You could see an ogre, a worm, a hound, an adder, an endoplasm, a quokka, a
goblin and a kobold.

Vanquished Creatures
  A necrophage (D:4)
  A jelly (D:4)
  An iguana (D:4)
  4 adders
  4 dart slugs
  2 orcs (D:3)
  4 bats
  6 endoplasms
  A giant cockroach (D:1)
  6 goblins
  8 hobgoblins
  3 jackals (D:2)
  3 quokkas
  9 ball pythons
  6 frilled lizards
  3 kobolds
  5 rats
67 creatures vanquished.

Notes
Turn   | Place    | Note
-------+----------+-------------------------------------------
     0 | D:1      | QueenGhuleh the Minotaur Berserker began the quest for the
                  | Orb.
     0 | D:1      | Reached XP level 1. HP: 19/19 MP: 0/0
   426 | D:1      | Reached XP level 2. HP: 27/27 MP: 1/1
  1113 | D:2      | Found a blossoming altar of Fedhas.
  1155 | D:2      | Reached XP level 3. HP: 31/34 MP: 2/2
  1365 | D:2      | Reached ** piety under Trog
  2095 | D:3      | Reached XP level 4. HP: 41/41 MP: 3/3
  2159 | D:3      | Found a blossoming altar of Fedhas.
  2315 | D:3      | Found an iron altar of Okawaru.
  2527 | D:3      | Found a faded altar of an unknown god.
  3012 | D:4      | Noticed a necrophage
  3017 | D:4      | Killed a necrophage
  3018 | D:4      | Reached skill level 5 in Fighting
  3018 | D:4      | Reached skill level 5 in Axes
  3018 | D:4      | Reached XP level 5. HP: 47/48 MP: 4/4
  3070 | D:4      | Found an ornate altar of the Wu Jian Council.
  3143 | D:4      | Found a glowing silver altar of Zin.
  3191 | D:4      | Found a shadowy altar of Dithmenos.
  3487 | D:4      | Noticed an ogre
  3508 | D:4      | HP: 2/48 [goblin/+1 dagger of speed (1)]
  3509 | D:4      | Slain by a goblin

Illustrated notes

Levels and vault maps discovered:
D:1:      zaba_arrival_water, layout_basic
D:2:      layout_basic, basic_altar, fountainhead, minmay_tree_intersection
D:3:      layout_loops_ring, fedhas_altar_2,
          mainiacjoe_overflow_concentric_impassable,
          shapermc_ecumenical_altar_mp_vishouse, kennysheep_generic_room_7
D:4:      layout_layer_cave, mainiacjoe_overflow_brackets, marbit_many_paths,
          zin_scriptorium, minmay_temple_entry_drinking_statues,
          minmay_joined_circles

Skill      XL: |  1  2  3  4 |
---------------+-------------+-----
Fighting       | 4 5 |  5.1
Axes           | 4 5 |  5.4
Dodging        | 3 |  3.3
Armour         | 3 |  3.7
Stealth        | |  0.8

Action                   |  1- 3 |  4- 6 || total
-------------------------+-------+-------++-------
Melee: Hand axe          |    25 |       ||    25
       Headbutt          |     5 |    10 ||    15
       War axe           |    45 |    63 ||   108
       Punch             |     1 |       ||     1
Invok: Berserk           |     1 |     1 ||     2
       Trog's Hand       |       |     1 ||     1
Armor: Animal skin       |     8 |       ||     8
       Ring mail         |    14 |    14 ||    28
Dodge: Dodged            |    39 |    33 ||    72

Table legend: (Time is in decaauts)
 A = Elapsed time spent in this place.
 B = Non-inter-level travel time spent in this place.
 C = Inter-level travel time spent in this place.
 D = Time resting spent in this place.
 E = Time spent auto-exploring this place.
 F = Levels seen in this place.
 G = Mean time per level.
                   A        B        C        D        E       F      G
               +--------+--------+--------+--------+--------+-----+--------+
         Total |   3557 |   3426 |    131 |      0 |   3005 |   4 |  889.2 |
       Dungeon |   3557 |   3426 |    131 |      0 |   3005 |   4 |  889.2 |
               +--------+--------+--------+--------+--------+-----+--------+

Top non-repeatable levels by time:
     D:1: 1028 daAuts
     D:2: 1019 daAuts
     D:3: 837 daAuts
     D:4: 671 daAuts
